 Dungeon Crawl Stone Soup version 0.17-a0-995-gb5fa8d7 (webtiles) character file.

24 oplop the Firebug (level 3, -4/20 HPs)
             Began as a Tengu Fire Elementalist on May 12, 2015.
             Slain by a gnoll
             ... wielding a +0 flail
              (9 damage)
             ... on level 1 of the Dungeon.
             The game lasted 00:02:14 (906 turns).

oplop the Firebug (Tengu Fire Elementalist)          Turns: 906, Time: 00:02:14

Health: -4/20      AC:  2    Str:  8    XL:     3   Next: 2%
Magic:  7/7        EV: 12    Int: 16    God:
Gold:   52         SH:  0    Dex: 14    Spells: 1 memorised, 5 levels left

rFire  . . .     SeeInvis .     f - +0 dagger
rCold  . . .     Clarity  .     a - +0 robe
rNeg   . . .     SustAb   .     (no shield)
rPois  .         Gourm    .     (helmet restricted)
rElec  .         Spirit   .     (no cloak)
rCorr  .         Warding  .     (no gloves)
rMut   .         Stasis   .     (boots unavailable)
MR     .....                    (no amulet)
Stlth  ++........               (no ring)
                                (no ring)

@: not resistant to hostile enchantments, unstealthy
A: beak, talons 3
a: no special abilities


You were on level 1 of the Dungeon.
You were hungry.

You visited 1 branch of the dungeon, and saw 2 of its levels.

You collected 52 gold pieces.

Inventory:

Hand weapons
 f - a +0 dagger (weapon)
Armour
 a - a +0 robe (worn)
Scrolls
 d - a scroll of remove curse {unknown}
 g - a scroll of identify {unknown}
Potions
 e - a potion of magic {unknown}
Books
 b - a book of Flames

   Spells                             Type                      Level
   a - Flame Tongue                   Conjuration/Fire             1
   b - Throw Flame                    Conjuration/Fire             2
   c - Conjure Flame                  Conjuration/Fire             3
   d - Inner Flame                    Hexes/Fire                   3
   e - Sticky Flame                   Conjuration/Fire             4
   f - Fireball                       Conjuration/Fire             5
Comestibles
 c - a bread ration


   Skills:
 + Level 0.8 Fighting
 - Level 2.1 Dodging
 - Level 2.0 Stealth
 + Level 2.4 Spellcasting
 + Level 2.2 Conjurations
 + Level 3.5 Fire Magic


You had 5 spell levels left.
You knew the following spells:

 Your Spells              Type           Power        Failure   Level  Hunger
a - Flame Tongue          Conj/Fire      ##...        8%          1    #......


Dungeon Overview and Level Annotations

Branches:
Dungeon (2/15)

Altars:


Innate Abilities, Weirdness & Mutations

You have a beak for a mouth.
You have claws for feet.


Message History

Aiming: Flame Tongue
Press: ? - help, Shift-Dir - straight line, f - gnoll
Aim: a gnoll, wielding a flail The flame tongue hits the gnoll.
The gnoll appears unharmed.
The gnoll shouts!
You struggle against the net.
The gnoll closely misses you.
You try to slip out of the net.
The gnoll hits you from afar with a spear!
You try to slip out of the net.
The gnoll barely misses you. The gnoll hits you but does no damage.
You slip out of the net!
The gnoll barely misses you.
The gnoll hits you from afar with a spear.
A gnoll comes into view. It is wielding a spear.
There is a stone staircase leading up here.
The gnoll hits you with a flail.
* * * LOW HITPOINT WARNING * * *
You climb upwards.
There is a stone staircase leading down here.
The gnoll hits you with a flail!
You die...

.##...........#####............#
.##...........##...............#
....................>..........#
...........#...................#
.###########...................#
.........# #.......######....###
.........# #.......# #....#
.§#..#...# #....g..# #....#
≈........# #....@..# #....#
.[......<# #.......# #....#
≈........# #.......# ###...#
..#..#...# #.......#### #§§§#
.........# #..........# #§§§#
...).....# ##########.# #§.§#
.######### #.#####...# .#
#..§§§..$ ## #..§§...$$.§


You could see a gnoll.

Vanquished Creatures
  5 bats (D:1)
  A giant cockroach (D:1)
  3 hobgoblins (D:1)
  2 jackals (D:1)
  2 giant newts (D:1)
  2 goblins (D:1)
  4 kobolds (D:1)
  4 rats (D:1)
23 creatures vanquished.

Vanquished Creatures (others)
  A kobold (D:1)
1 creature vanquished.

Grand Total: 24 creatures vanquished

Notes
Turn   | Place    | Note
--------------------------------------------------------------
     0 | D:1      | oplop the Tengu Fire Elementalist began the quest for the Orb.
     0 | D:1      | Reached XP level 1. HP: 10/10 MP: 4/4
   137 | D:1      | Reached XP level 2. HP: 16/16 MP: 1/6
   736 | D:1      | Reached XP level 3. HP: 20/20 MP: 7/7
   906 | D:1      | Slain by a gnoll

Vault maps used:
D:1:      shiori_arrival_oz, lemuel_flame_loot_1
D:2:      kennysheep_generic_room_11

Action                   || total
-------------------------++-------
Melee: Unarmed           ||    10
       Dagger            ||     9
 Cast: Flame Tongue      ||    36
 Stab: Sleeping          ||     1
